 Dungeon Crawl Stone Soup version 0.26.0-10-g1f06aea511 (webtiles) character file.

Game seed: 17015679301986320912

9865 inmateoo the Tainter (level 11, -4/74 HPs)
             Began as an Octopode Venom Mage on Jan 15, 2021.
             Was a Priest of Makhleb.
             Shot with an arrow by a centaur (9 damage)
             ... on level 11 of the Dungeon.
             The game lasted 00:17:50 (11609 turns).

inmateoo the Tainter (Octopode Venom Mage)         Turns: 11609, Time: 00:17:51

Health: -4/74      AC:  1    Str: 10    XL:     11   Next: 53%
Magic:  17/21      EV: 19    Int: 22    God:    Makhleb [***...]
Gold:   379        SH:  0    Dex: 12    Spells: 6/23 levels left

rFire    . . .     SeeInvis +   x - +7 hand axe of the Endless Prophets {freeze, Str+3}
rCold    . . .     Faith    .   (no shield)
rNeg     . . .     Spirit   .   (helmet restricted)
rPois    +         Reflect  .   (no amulet)
rElec    .         Harm     .   i - ring of willpower
rCorr    .         Rampage  .   a - ring of see invisible
Will     +....                  w - +4 ring of evasion
Stlth    +++.......             C - ring of poison resistance
HPRegen  0.22/turn              (no ring)
MPRegen  0.17/turn              (no ring)
                                (no ring)
                                (no ring)

@: radiating poison
A: almost no armour, stealthy swim, amphibious, 8 rings, constrict 8, camouflage
1, gelatinous body 1
a: Renounce Religion, Minor Destruction, Lesser Servant of Makhleb


You were on level 11 of the Dungeon.
You worshipped Makhleb.
Makhleb was most pleased with you.
You visited 1 branch of the dungeon, and saw 11 of its levels.

You collected 799 gold pieces.
You spent 420 gold pieces at shops.

Inventory:

Hand Weapons
 x - the +7 hand axe of the Endless Prophets (weapon) {freeze, Str+3}
   (You found it on level 7 of the Dungeon)

   It has been specially enchanted to freeze those struck by it, causing extra
   injury to most foes and up to half again as much damage against particularly
   susceptible opponents.
   It can also slow down cold-blooded creatures.
   It affects your strength (+3).
Missiles
 k - 2 throwing nets (quivered)
Jewellery
 a - a ring of see invisible (right tentacle)
 c - an uncursed ring of ice
 i - a ring of willpower (left tentacle)
 w - a +4 ring of evasion (on tentacle)
 C - a ring of poison resistance (on tentacle)
Wands
 e - a wand of paralysis (9)
 q - a wand of flame (41)
 y - a wand of random effects (20)
Scrolls
 f - 4 scrolls of teleportation
 h - 4 scrolls of identify
 n - a scroll of fog
 o - a scroll of enchant weapon
 s - 2 scrolls of magic mapping
 t - 4 scrolls of amnesia
 A - a scroll of enchant armour {unknown}
Potions
 b - a potion of berserk rage
 d - 3 potions of ambrosia
 g - 2 potions of resistance
 j - 2 potions of brilliance
 l - 3 potions of flight
 m - 3 potions of mutation
 p - 4 potions of attraction
 r - 3 potions of magic
 u - 2 potions of invisibility
 v - 3 potions of curing
 z - 2 potions of heal wounds
 B - a potion of cancellation {unknown}


   Skills:
 + Level 6.6 Fighting
 - Level 4.0 Axes
 - Level 5.0 Dodging
 - Level 2.6 Stealth
 - Level 4.0 Unarmed Combat
 + Level 6.9 Spellcasting
 - Level 4.0 Conjurations
 - Level 3.0 Transmutations
 - Level 5.0 Fire Magic
 + Level 11.6 Poison Magic
 - Level 5.0 Invocations


You had 6 spell levels left.
You knew the following spells:

 Your Spells              Type           Power        Failure   Level
a - Sting                 Tmut/Pois      100%         1%          1
b - Poisonous Vapours     Pois/Air       66%          1%          2
c - Ignite Poison         Fire/Tmut/Pois 36%          1%          3
d - Olgreb's Toxic Radia  Pois           56%          1%          4
e - Mephitic Cloud        Conj/Pois/Air  30%          3%          3
f - Sticky Flame          Conj/Fire      27%          13%         4

Your spell library contained the following spells:

 Spells                   Type           Power        Failure   Level
 Foxfire                  Conj/Fire      100%         1%          1
 Conjure Flame            Conj/Fire      27%          4%          3
 Passwall                 Tmut/Erth      11%          7%          2
 Sandblast                Erth           14%          9%          1
 Inner Flame              Hex/Fire       18%          9%          3
 Stone Arrow              Conj/Erth      32%          11%         3
 Fireball                 Conj/Fire      13%          36%         5
 Petrify                  Tmut/Erth      14%          41%         4
 Lee's Rapid Deconstruct  Erth           3%           93%         5


Dungeon Overview and Level Annotations

Branches:
Dungeon (11/15)            Temple (0/1) D:7            Lair (0/6) D:9
    Orc: D:9-12

Altars:
Cheibriados
Kikubaaqudgha
Makhleb
Okawaru
Qazlal
Ru
Vehumet
Xom
The Shining One

Shops:
D:4 ?   D:7 }=}   D:11 *

Annotations:
D:5 exclusion: statue


Innate Abilities, Weirdness & Mutations

You cannot wear most types of armour.
You are very stealthy in the water. (Stealth+)
You are amphibious.
You can wear up to eight rings at the same time.
You can use your tentacles to constrict eight enemies at once.
Your skin changes colour to match your surroundings (Stealth+).
Your rubbery body absorbs attacks. (AC +1, EV +1)


Message History

The centaur shoots an arrow.
The arrow hits you!
The centaur shoots an arrow.
The arrow hits you!!
* * * LOW HITPOINT WARNING * * *
The arrow freezes you.
* * * LOW HITPOINT WARNING * * *
The centaur shoots an arrow.
The arrow completely misses you.
Unknown command.
Unknown command.
Unknown command.
Unknown command.
Unknown command.
As you read the scroll of fog, it crumbles to dust.
The scroll dissolves into smoke.
The centaur looks even sicker. x2
The centaur is poisoned.
You kill the orc!
Makhleb accepts your kill.
The orc looks even sicker.
The centaur shoots an arrow.
The arrow hits you!
* * * LOW HITPOINT WARNING * * *
The centaur shoots an arrow.
The arrow hits you!
You die...

#. ...# #..# #. #..#
#..# #. #..# #..# #. .
#..# #..#####.
c.#######.<#####........
........................
.c...§§§§..........#####
..Sc..§@§.(........# #
cc...§§§§§##'###...# #
c.....§...#...##...# #
.o?.o.....#.∩.##...#####
..........#...##........
.)........##'##.........
...............†..>.....
########################


You could see a water moccasin, 6 centaurs and an orc (very poisoned).

Vanquished Creatures
  3 death yaks (D:9)
  Pikel (D:9)
  An ugly thing (D:9)
  Joseph (D:9)
  A centaur skeleton (D:8)
  A troll (D:9)
  Grinder (D:3)
  A slime creature (D:7)
  10 yaks
  3 water moccasins
  6 orc warriors
  A black bear (D:7)
  A sky beast (D:6)
  2 necrophages
  5 ogres
  A phantom (D:7)
  4 centaurs
  A lemure (D:9)
  A big kobold (D:8)
  5 bullfrogs
  4 killer bees (D:11)
  2 scorpions
  8 howler monkeys
  9 electric eels (D:9)
  A bullfrog zombie (D:5)
  A quasit (D:10)
  6 orc priests
  A gnoll shaman (D:9)
  6 hounds
  A bullfrog skeleton (D:5)
  Ijyb (D:3)
  7 worker ants
  Natasha (thrice) (D:3)
  4 orc wizards
  A killer bee zombie (D:7)
  2 hound zombies
  3 hound skeletons
  8 gnolls
  11 adders
  A shadow imp (D:5)
  4 ufetubi
  An adder skeleton (D:4)
  2 adder zombies
  3 worms
  A dart slug (D:3)
  5 leopard geckos
  47 orcs
  5 giant cockroaches
  8 goblins
  A hobgoblin (D:2)
  9 jackals
  5 kobolds
  6 quokkas
  7 bats
  A frilled lizard (D:3)
  A jackal skeleton (D:7)
  A quokka skeleton (D:7)
  A quokka zombie (D:5)
  2 rats
240 creatures vanquished.

Vanquished Creatures (others)
  5 dream sheep (D:7)
  50 plants (D:9)
  2 withered plants (D:3)
57 creatures vanquished.

Grand Total: 297 creatures vanquished

Notes
Turn   | Place    | Note
-------+----------+-------------------------------------------
     0 | D:1      | inmateoo the Octopode Venom Mage began the quest for the
                  | Orb.
     0 | D:1      | Reached XP level 1. HP: 11/11 MP: 3/3
   290 | D:1      | Reached skill level 4 in Poison Magic
   487 | D:1      | Reached XP level 2. HP: 17/17 MP: 1/5
   874 | D:2      | Noticed a scorpion
   885 | D:2      | Killed a scorpion
   886 | D:2      | Reached skill level 5 in Poison Magic
   886 | D:2      | Reached XP level 3. HP: 12/21 MP: 4/6
   886 | D:2      | Reached XP level 4. HP: 15/27 MP: 4/7
  1153 | D:2      | Found a sacrificial altar of Ru.
  1240 | D:2      | Reached skill level 6 in Poison Magic
  1443 | D:2      | Found a glowing golden altar of the Shining One.
  1443 | D:2      | Found a stormy altar of Qazlal.
  1508 | D:2      | Learned a level 2 spell: Poisonous Vapours
  1513 | D:2      | Learned a level 4 spell: Olgreb's Toxic Radiance
  1841 | D:3      | Noticed Natasha
  1848 | D:3      | Killed Natasha
  1849 | D:3      | Reached skill level 1 in Fighting
  2029 | D:3      | Noticed Natasha
  2036 | D:3      | Killed Natasha
  2037 | D:3      | Reached XP level 5. HP: 32/33 MP: 2/8
  2236 | D:3      | Found an ancient bone altar of Kikubaaqudgha.
  2311 | D:3      | Found a burning altar of Makhleb.
  2341 | D:3      | Became a worshipper of Makhleb the Destroyer
  2368 | D:3      | Found an iron altar of Okawaru.
  2368 | D:3      | Noticed Natasha
  2368 | D:3      | Noticed Ijyb
  2387 | D:3      | Killed Natasha
  2541 | D:3      | Killed Ijyb
  2947 | D:3      | Noticed Grinder
  2969 | D:3      | Killed Grinder
  2970 | D:3      | Reached skill level 7 in Poison Magic
  2970 | D:3      | Reached XP level 6. HP: 20/42 MP: 8/11
  3320 | D:4      | Reached XP level 7. HP: 46/46 MP: 12/12
  3582 | D:4      | Found Bemnut's Magic Scroll Emporium.
  3588 | D:4      | Bought a scroll of magic mapping for 42 gold pieces
  3588 | D:4      | Bought a scroll of identify for 24 gold pieces
  3588 | D:4      | Bought a scroll of fear for 42 gold pieces
  3588 | D:4      | Bought a scroll of noise for 12 gold pieces
  3782 | D:4      | Found a sacrificial altar of Ru.
  3826 | D:4      | You fall into a shaft and drop 1 floor!
  3826 | D:5      | Entered Level 5 of the Dungeon
  4277 | D:5      | Reached skill level 8 in Poison Magic
  4345 | D:5      | Learned a level 3 spell: Ignite Poison
  4349 | D:5      | Learned a level 3 spell: Mephitic Cloud
  4380 | D:5      | Reached XP level 8. HP: 7/54 MP: 4/15
  4703 | D:5      | Reached skill level 5 in Spellcasting
  4992 | D:5      | Reached * piety under Makhleb
  5111 | D:5      | Found a radiant altar of Vehumet.
  5352 | D:6      | Reached skill level 9 in Poison Magic
  5903 | D:6      | Reached skill level 10 in Poison Magic
  5910 | D:6      | Found a radiant altar of Vehumet.
  6035 | D:7      | Found Ewiosopta's Gadget Boutique.
  6038 | D:7      | Found Asuysem's Jewellery Shoppe.
  6172 | D:7      | Reached skill level 1 in Unarmed Combat
  6172 | D:7      | Reached skill level 1 in Fire Magic
  6172 | D:7      | Reached skill level 1 in Invocations
  6221 | D:7      | Found Luiterur's Gadget Boutique.
  6228 | D:7      | Got a masterwork hand axe
  6229 | D:7      | Identified the +7 hand axe of the Endless Prophets {freeze,
                  | Str+3} (You found it on level 7 of the Dungeon)
  6279 | D:7      | Noticed a dream sheep
  6279 | D:7      | Noticed a dream sheep
  6279 | D:7      | Noticed a dream sheep
  6279 | D:7      | Noticed a dream sheep
  6279 | D:7      | Noticed a dream sheep
  6279 | D:7      | Found a shimmering altar of Xom.
  6285 | D:7      | Killed a dream sheep
  6285 | D:7      | Killed a dream sheep
  6285 | D:7      | Killed a dream sheep
  6286 | D:7      | Killed a dream sheep
  6286 | D:7      | Killed a dream sheep
  6325 | D:7      | Found a staircase to the Ecumenical Temple.
  6335 | D:7      | Reached XP level 9. HP: 58/58 MP: 8/16
  7094 | D:7      | Reached skill level 1 in Axes
  8019 | D:8      | Learned a level 4 spell: Sticky Flame
  8164 | D:8      | Found a snail-covered altar of Cheibriados.
  8509 | D:9      | Noticed Pikel
  8516 | D:8      | Reached skill level 1 in Conjurations
  8562 | D:9      | Noticed Joseph
  8642 | D:9      | Killed Joseph
  8643 | D:9      | Reached skill level 5 in Fighting
  8643 | D:9      | Reached XP level 10. HP: 52/66 MP: 0/18
  8736 | D:9      | Noticed a death yak
  8736 | D:9      | Noticed a death yak
  8759 | D:9      | Killed a death yak
  8761 | D:9      | Killed a death yak
  8887 | D:9      | Found a staircase to the Lair.
  8888 | D:9      | Noticed a death yak
  8903 | D:9      | Killed a death yak
  8911 | D:9      | Reached skill level 11 in Poison Magic
  9064 | D:9      | Reached ** piety under Makhleb
  9369 | D:9      | Reached XP level 11. HP: 72/72 MP: 12/20
  9770 | D:9      | Noticed a brown ugly thing
  9777 | D:9      | Killed a brown ugly thing
  9977 | D:9      | Killed Pikel
 10270 | D:9      | Reached skill level 5 in Dodging
 10504 | D:10     | Entered Level 10 of the Dungeon
 10541 | D:10     | Found the +11 plutonium sword {*Contam Stlth-}
 10628 | D:10     | Reached skill level 5 in Invocations
 10783 | D:10     | Reached *** piety under Makhleb
 11471 | D:11     | Reached skill level 5 in Fire Magic
 11524 | D:11     | Found Plog's Serpentskin Sales.
 11582 | D:11     | Bought an uncursed ring of poison resistance for 300 gold
                  | pieces
 11609 | D:11     | Shot with an arrow by a centaur

Illustrated notes

Levels and vault maps discovered:
D:1:      elethiomel_arrival_infinity_welcomes_careful_drivers, layout_rooms
D:2:      layout_rooms, lemuel_crystal_altar, gammafunk_temple_overflow_elements
D:3:      layout_basic, lemuel_round_altar, kiku_gazebo_garden_becter,
          bloody_makhleb, uniq_grinder, uniq_ijyb, uniq_natasha
D:4:      layout_rooms, serial_shops, nicolae_shop_waterfront,
          nicolae_ru_path_of_blood
D:5:      layout_rooms, vehumet_statue, mrwooster_statue_mirror,
          interstate_on_off
D:6:      layout_basic, vehumet_altar_wand_db
D:7:      layout_rooms, minmay_temple_entry_crystal_x, serial_shops, shop, shop,
          shop_coins, kb_xom_exploding_sheep
D:8:      layout_gridville, slow_altar_1
D:9:      layout_loops_corners, dpeg_lair_monsters, serial_bayou,
          serial_bayou_lake_a, serial_bayou_shore_a, serial_bayou_pond_b,
          serial_bayou_ford_a, uniq_pikel, uniq_joseph
D:10:     layout_roguey [special_room_orc]
D:11:     layout_small_grid, kennysheep_orc_monster_closet_entryway,
          enter_trove_0, guppyfry_shop_venom, uniq_urug

Skill      XL: |  1  2  3  4  5  6  7  8  9 10 11 |
---------------+----------------------------------+-----
Poison Magic   | 4 5 6 7 8 10 11 | 11.6
Fighting       | 1 3 4 5 6 |  6.6
Spellcasting   | 3 4 5 6 |  6.9
Unarmed Combat | 1 2 4 |  4.0
Fire Magic     | 1 2 4 5 |  5.0
Invocations    | 1 3 4 5 |  5.0
Axes           | 2 3 4 |  4.0
Transmutations | 3 |  3.0
Dodging        | 3 4 5 |  5.0
Conjurations   | 1 3 4 |  4.0
Stealth        | |  2.6

Action                   |  1- 3 |  4- 6 |  7- 9 | 10-12 || total
-------------------------+-------+-------+-------+-------++-------
Melee: Unarmed           |    12 |       |     4 |       ||    16
       Constrict         |     6 |    15 |    28 |    25 ||    74
       Whip              |    12 |       |       |       ||    12
       Dagger            |     2 |    66 |    84 |       ||   152
       Tentacles         |       |    14 |    26 |    12 ||    52
       Hand axe          |       |       |    67 |   102 ||   169
       Punch             |       |       |     1 |     3 ||     4
Throw: Throwing net      |       |     2 |       |       ||     2
 Cast: Sting             |    13 |    22 |    24 |     9 ||    68
       Poisonous Vapours |       |     9 |    17 |       ||    26
       Olgreb's Toxic Ra |       |       |    14 |    27 ||    41
       Ignite Poison     |       |       |    10 |    16 ||    26
       Mephitic Cloud    |       |       |     4 |     4 ||     8
       Sticky Flame      |       |       |       |     4 ||     4
Evoke: Wand              |       |       |    29 |       ||    29
  Use: Scroll            |       |    10 |    15 |     1 ||    26
       Potion            |       |     1 |     6 |       ||     7
 Stab: Sleeping          |     2 |    10 |     8 |     6 ||    26
       Held in net/web   |       |     1 |       |       ||     1
       Confused          |       |       |       |     1 ||     1
Armor: Skin              |    16 |     4 |    15 |     4 ||    39
Dodge: Dodged            |    29 |    49 |   130 |    98 ||   306
